 Dungeon Crawl Stone Soup version 0.28.0-45-g0d030f2227 (webtiles) character file.

Game seed: 17611142842443628642

111877 Peloso the Peltast (level 16, -38/149 HPs)
             Began as a Minotaur Fighter on Apr 20, 2022.
             Was the Champion of Okawaru.
             Killed from afar by Nikola (52 damage)
             ... with an arc of chain lightning
             ... on level 1 of the Elven Halls.
             The game lasted 00:59:44 (30759 turns).

Peloso the Peltast (Minotaur Fighter)              Turns: 30759, Time: 00:59:44

Health: -38/149    AC: 27    Str: 32      XL:     16   Next: 10%
Magic:  15/17      EV: 12    Int:  3 (5)  God:    Okawaru [******]
Gold:   1929       SH: 17    Dex: 13      Spells: 15/15 levels left

rFire   . . .      SeeInvis .   a - +4 double sword (vorpal)
rCold   . . .      Faith    +   e - +2 kite shield
rNeg    + . .      Spirit   .   k - +1 plate armour
rPois   .          Reflect  .   O - +1 hat
rElec   +          Harm     .   L - +2 cloak {Will+}
rCorr   .          Rampage  .   X - +0 pair of gloves "Riunk" {rF+}
Will    ++...                   (no boots)
Stlth   ..........              C - amulet of faith
HPRegen 0.34/turn               h - ring of Lady Luck {rElec rF- rN+ Str+6 Slay+3 Stlth+}
MPRegen 0.15/turn               q - +4 ring of slaying

@: heroic
A: horns 2, retaliatory headbutt
a: Renounce Religion, Heroism, Finesse, Duel


You were on level 1 of the Elven Halls.
You worshipped Okawaru.
Okawaru was exalted by your worship.
You visited 5 branches of the dungeon, and saw 25 of its levels.

You collected 2057 gold pieces.
You spent 128 gold pieces at shops.

Inventory:

Hand Weapons
 a - a +4 vorpal double sword (weapon)
 b - a +7 long sword of venom
 c - a +3 scimitar of flaming
Missiles
 A - 4 throwing nets (quivered)
Armour
 e - a +2 kite shield (worn)
 k - a +1 plate armour (worn)
 n - a +1 chain mail of fire resistance
 L - a +2 cloak of willpower (worn)
 O - a +1 hat (worn)
 X - the +0 pair of gloves "Riunk" (worn) {rF+}
   (Okawaru gifted it to you on level 12 of the Dungeon)

   rF:        It protects you from fire.
Jewellery
 h - the ring of Lady Luck (left hand) {rElec rF- rN+ Str+6 Slay+3 Stlth+}
   (You found it on level 2 of the Dungeon)

   [ring of strength]

   Str:       It affects your strength (+6).
   Slay:      It affects your accuracy & damage with ranged weapons and melee
   (+3).
   rF:        It makes you vulnerable to fire.
   rElec:     It insulates you from electricity.
   rN:        It protects you from negative energy.
   Stlth:     It makes you more stealthy.
 j - a ring of see invisible
 o - a ring of flight
 q - a +4 ring of slaying (right hand)
 y - an amulet of the acrobat
 C - an amulet of faith (around neck)
 T - a ring of protection from cold
Wands
 m - a wand of iceblast (7)
 w - a wand of acid (3)
 z - a wand of polymorph (5)
 B - a wand of paralysis (14)
Scrolls
 g - 9 scrolls of teleportation
 i - 2 scrolls of magic mapping
 r - a scroll of silence
 s - 2 scrolls of fog
 u - a scroll of brand weapon
 v - 12 scrolls of blinking
 x - 2 scrolls of identify
 D - 5 scrolls of immolation
 Q - 2 scrolls of fear
 W - 3 scrolls of noise
Potions
 d - 5 potions of might
 f - a potion of cancellation
 l - 8 potions of curing
 p - a potion of invisibility {unknown}
 t - a potion of flight {unknown}
 F - a potion of brilliance
 G - 2 potions of mutation
 H - 2 potions of berserk rage
 J - 3 potions of haste
 N - a potion of attraction {unknown}
 S - 8 potions of heal wounds
Miscellaneous
 E - a lightning rod (4/4)


   Skills:
 + Level 15.3(20.3) Fighting
 + Level 12.1(20.2) Short Blades
 + Level 16.3(23.1) Long Blades
 + Level 5.9(10.9) Axes
 + Level 16.2(21.2) Armour
 + Level 3.6(8.6) Dodging
 + Level 1.7(6.7) Stealth
 + Level 16.5(21.5) Shields
 + Level 3.0 Invocations
 + Level 0.5 Evocations


You had 15 spell levels left.
You didn't know any spells.
Your spell library contained the following spells:

 Spells                   Type           Power      Damage    Failure   Level
 Apportation              Tloc           0%         N/A       95%         1
 Foxfire                  Conj/Fire      0%         2x1d4     95%         1
 Freeze                   Ice            0%         1d3       95%         1
 Pain                     Necr           0%         1d4       95%         1
 Sublimation of Blood     Necr           0%         N/A       99%         2
 Wereblood                Tmut           0%         N/A       99%         2
 Frozen Ramparts          Ice            0%         1d2       100%        3
 Portal Projectile        Hex/Tloc       0%         N/A       100%        3
 Vampiric Draining        Necr           0%         2d6       100%        3
 Fulminant Prism          Conj/Hex       0%         3d6       100%        4
 Hailstorm                Conj/Ice       0%         3d3       100%        4
 Ice Form                 Ice/Tmut       0%         N/A       100%        4
 Alistair's Intoxication  Tmut/Pois      0%         N/A       100%        5
 Enfeeble                 Hex            0%         N/A       100%        7
 Orb of Destruction       Conj           0%         9d5       100%        7
 Animate Skeleton         Necr           Unusable   N/A       N/A         1
 Summon Small Mammal      Summ           Unusable   N/A       N/A         1
 Summon Guardian Golem    Hex/Summ       Unusable   N/A       N/A         3
 Summon Mana Viper        Hex/Summ       Unusable   N/A       N/A         5
 Simulacrum               Ice/Necr       Unusable   N/A       N/A         6
 Spellforged Servitor     Conj/Summ      Unusable   N/A       N/A         7
 Summon Hydra             Summ           Unusable   N/A       N/A         7

Dungeon Overview and Level Annotations

Branches:
Dungeon (15/15)            Temple (1/1) D:7            Lair (6/6) D:10
  Swamp (0/4) Lair:2        Snake (0/4) Lair:4        Slime (0/5) Lair:5
    Orc (2/2) D:11            Elf (1/3) Orc:2        Vaults (0/5) D:13
 Depths (0/4) D:15

Altars:
Ashenzari
Dithmenos
Hepliaklqana
Kikubaaqudgha
Makhleb
Nemelex Xobeh
Okawaru
Qazlal
Ru
Sif Muna
Trog
Uskayaw
Wu Jian
Xom
Yredelemnul

Shops:
D:9 *   D:11 (   Orc:1 !   Orc:2 [([:

Annotations:
D:12 Casa
D:14 3 runed translucent doors, Xatashoi's ghost, journeyman MiFi
Elf:1 Nikola


Innate Abilities, Weirdness & Mutations

You have a pair of horns on your head.
You reflexively headbutt those who attack you in melee.


Message History

The bolt of lightning hits the fire elemental!!!
The fire elemental resists.
The fire elemental is destroyed!
The fire elemental disappears in a puff of smoke!
The bolt of lightning hits the deep elf pyromancer!!!
The deep elf pyromancer dies!
You feel your intelligence returning. Nikola raves, "Can you feel it?
Can you feel it?
CAN YOU FEEL IT?"
Unknown command.
You feel more confident with your borrowed prowess.
A +2 vorpal glaive comes into view.
You slash Nikola!
Nikola is lightly wounded.
You block Nikola's attack.
Unknown command.
You slice Nikola!!
Nikola is lightly wounded.
You block Nikola's attack.
Unknown command.
You slice Nikola!!
Nikola is moderately wounded.
You closely miss Nikola.
Nikola is moderately wounded.
Nikola gestures wildly while chanting.
Lightning arcs from Nikola's hands!
The bolt of lightning hits you!!! You resist.
* * * LOW HITPOINT WARNING * * *
A bolt of lightning appears from out of thin air!
The bolt of lightning hits Nikola!
The bolt of lightning hits the +2 vorpal glaive!!
The +2 vorpal glaive resists.
You hear a shout!
You slash Nikola! Your headbutt misses Nikola.
Nikola is heavily wounded.
The +2 vorpal glaive hits you from afar!!
* * * LOW HITPOINT WARNING * * *
x2 Nikola mumbles some strange words.
Lightning arcs from Nikola's hands!
The bolt of lightning hits you!!! You resist.
You die...

##.#####
#..e..)# .#
#..###.# #.#
#..# #.# .#.#
#..# #)####.#.#
###..###)#......
.$.......).(.[..
###........##.##
#.#....@.#
..###...@.# #
#.#.....?#
#.........
###########


You could see Nikola and a +2 vorpal glaive.

Vanquished Creatures
  Jorgrun (Orc:1)
  Gastronok (Lair:3)
  Kirke (D:14)
  An ettin (D:15)
  A merfolk avatar (Lair:6)
  6 boulder beetles
  11 hydras
  3 catoblepae
  8 two-headed ogres
  An ogre mage (D:15)
  2 dancing weapons (D:13)
  2 centaur warriors
  A tengu warrior (D:15)
  9 death yaks
  6 orc high priests (Orc:2)
  A deep elf knight (Elf:1)
  A hell knight (D:15)
  A skeletal warrior (D:11)
  A sea snake (Lair:6)
  A deep troll (D:15)
  A lindwurm (shapeshifter) (D:14)
  2 glowing orange brains (D:14)
  A harpy (Lair:6)
  A wizard (D:15)
  28 ugly things
  4 deep elf pyromancers
  A necromancer (D:15)
  A wolf spider (Lair:6)
  A deep elf zephyrmancer (Elf:1)
  9 manticores
  3 orc sorcerers
  6 cyclopes
  11 orc knights
  16 elephants
  3 black mambas
  A water nymph (shapeshifter) (D:14)
  Maurice (Orc:1)
  A torpor snail (Lair:2)
  An ice statue (D:10)
  A gargoyle (D:12)
  Maggie (Lair:1)
  8 cane toads
  2 rime drakes
  9 komodo dragons
  A kobold demonologist (D:11)
  An efreet (D:15)
  A polar bear (Lair:3)
  5 trolls
  2 hornets (Lair:6)
  2 wind drakes (Lair:6)
  Grinder (D:4)
  6 slime creatures
  19 blink frogs
  A snapping turtle (Lair:6)
  5 shadows
  A centaur simulacrum (D:14)
  A water elemental (Elf:1)
  A vampire (D:11)
  61 yaks
  2 wraiths
  6 wyverns
  12 basilisks
  3 hogs (D:14)
  2 wargs
  6 steam dragons
  7 vampire mosquitoes
  2 acid dragons
  14 water moccasins
  2 black bears
  An ice beast (D:7)
  34 orc warriors
  A sky beast (D:7)
  8 ogres
  9 centaurs
  22 wolves
  A kobold brigand (D:9)
  Blork the orc (D:6)
  12 bullfrogs
  2 gnoll sergeants
  5 scorpions
  8 killer bees
  3 wights (D:9)
  8 howler monkeys
  2 centaur zombies
  2 hounds
  2 jellies
  A centaur skeleton (D:7)
  24 orc priests
  A bullfrog skeleton (D:7)
  3 iguanas
  15 orc wizards
  7 gnolls
  4 adders
  A white imp (D:8)
  2 ufetubi
  4 worms
  3 dart slugs
  65 orcs
  5 ball pythons
  5 endoplasms
  3 giant cockroaches
  4 goblins
  4 hobgoblins
  11 jackals
  7 kobolds
  5 quokkas
  6 bats
  3 rats (D:2)
640 creatures vanquished.

Vanquished Creatures (others)
  A deep elf archer (Elf:1)
  A deep elf pyromancer (Elf:1)
  2 orc priests
  57 fungi
  88 plants
149 creatures vanquished.

Grand Total: 789 creatures vanquished

Notes
Turn   | Place    | Note
-------+----------+-------------------------------------------
     0 | D:1      | Peloso the Minotaur Fighter began the quest for the Orb.
     0 | D:1      | Reached XP level 1. HP: 19/19 MP: 0/0
   102 | D:1      | Reached XP level 2. HP: 27/27 MP: 1/1
   490 | D:1      | Reached XP level 3. HP: 33/33 MP: 2/2
   850 | D:2      | Found a faded altar of an unknown god.
   910 | D:2      | Identified the ring of Lady Luck {rElec rF- rN+ Str+6
                  | Slay+3 Stlth+}
  1622 | D:3      | Reached XP level 4. HP: 40/40 MP: 3/3
  2237 | D:4      | Noticed Grinder
  2246 | D:4      | Killed Grinder
  2247 | D:4      | Reached skill level 5 in Armour
  2247 | D:4      | Reached XP level 5. HP: 43/47 MP: 4/4
  2247 | D:4      | Reached XP level 6. HP: 49/53 MP: 5/5
  2397 | D:4      | Reached skill level 5 in Long Blades
  2707 | D:4      | Reached skill level 5 in Shields
  2871 | D:5      | Entered Level 5 of the Dungeon
  2892 | D:5      | Found a bloodstained altar of Trog.
  3068 | D:5      | Reached skill level 5 in Fighting
  3068 | D:5      | Reached XP level 7. HP: 60/61 MP: 6/6
  3478 | D:5      | Reached skill level 1 in Dodging
  3820 | D:6      | Noticed Blork the orc
  3823 | D:6      | Killed Blork the orc
  4612 | D:7      | Reached XP level 8. HP: 65/69 MP: 7/7
  4664 | D:7      | Found a staircase to the Ecumenical Temple.
  4673 | Temple   | Entered the Ecumenical Temple
  4682 | Temple   | Became a worshipper of Warmaster Okawaru
  4712 | D:7      | Identified the +6 rapier of Death's Door {drain, Dex+5}
  4790 | D:7      | Noticed a cyclops
  4799 | D:7      | Killed a cyclops
  4799 | D:7      | Reached * piety under Okawaru
  4800 | D:7      | Reached skill level 1 in Short Blades
  5184 | D:8      | Reached XP level 9. HP: 77/77 MP: 8/8
  5236 | D:8      | Reached ** piety under Okawaru
  5252 | D:8      | Reached skill level 5 in Short Blades
  5683 | D:9      | Noticed a manticore
  5689 | D:9      | Killed a manticore
  6108 | D:9      | Reached XP level 10. HP: 84/84 MP: 9/9
  6115 | D:9      | Found Dimi's Demolitions Depot.
  6207 | D:9      | Reached *** piety under Okawaru
  6497 | D:10     | Entered Level 10 of the Dungeon
  6532 | D:10     | Noticed a two-headed ogre
  6538 | D:10     | Killed a two-headed ogre
  6642 | D:10     | Reached **** piety under Okawaru
  6650 | D:10     | Noticed a cyclops
  6658 | D:10     | Killed a cyclops
  7332 | D:10     | Reached ***** piety under Okawaru
  7490 | D:10     | Found a staircase to the Lair.
  7663 | D:10     | Noticed an ice statue
  8111 | D:11     | Found Exkyneti's Weapon Emporium.
  8358 | D:11     | Noticed a manticore
  8371 | D:11     | Killed a manticore
  8372 | D:11     | Reached XP level 11. HP: 12/95 MP: 10/10
  8714 | D:11     | Reached skill level 10 in Short Blades
  8750 | D:11     | Found a hide-covered altar of Uskayaw.
  8828 | D:11     | Found a staircase to the Orcish Mines.
  8865 | D:11     | Received a gift from Okawaru
  9039 | D:11     | Noticed a skeletal warrior
  9040 | D:11     | Reached skill level 10 in Armour
  9054 | D:11     | Killed a skeletal warrior
  9059 | D:11     | Noticed a red ugly thing
  9064 | D:11     | Noticed a two-headed ogre
  9067 | D:11     | Noticed a two-headed ogre
  9074 | D:11     | Killed a red ugly thing
  9086 | D:11     | Killed a two-headed ogre
  9087 | D:11     | Reached skill level 10 in Shields
  9102 | D:11     | Killed a two-headed ogre
  9103 | D:11     | Reached skill level 10 in Long Blades
  9126 | D:11     | Reached skill level 1 in Invocations
  9450 | D:11     | Noticed a four-headed hydra
  9450 | D:11     | Noticed a catoblepas
  9450 | D:11     | Noticed a boulder beetle
  9482 | D:11     | Killed a boulder beetle
  9490 | D:11     | Killed a one-headed hydra
  9490 | D:11     | Identified the +1 short sword of Olapn {drain, Str+4 Int+2}
                  | (Okawaru gifted it to you on level 11 of the Dungeon)
  9490 | D:11     | Received a gift from Okawaru
  9913 | D:11     | Killed a catoblepas
  9914 | D:11     | Reached skill level 1 in Axes
 10525 | D:7      | Noticed a white ugly thing
 10536 | D:7      | Killed a white ugly thing
 10860 | Lair:1   | Entered Level 1 of the Lair of Beasts
 11115 | Lair:1   | Noticed a seven-headed hydra
 11126 | Lair:1   | Killed a two-headed hydra
 11126 | Lair:1   | Received a gift from Okawaru
 11126 | Lair:1   | Reached ****** piety under Okawaru
 11127 | Lair:1   | Reached XP level 12. HP: 86/106 MP: 12/12
 11362 | Lair:1   | Noticed Maggie
 11369 | Lair:1   | Killed Maggie
 11409 | Lair:1   | Reached skill level 10 in Fighting
 12448 | Lair:2   | Reached skill level 1 in Stealth
 12454 | Lair:2   | Received a gift from Okawaru
 12908 | Lair:2   | Found a staircase to the Swamp.
 13077 | Lair:2   | Noticed an eight-headed hydra
 13084 | Lair:2   | Killed a two-headed hydra
 13559 | Lair:3   | Reached skill level 5 in Axes
 13740 | Lair:3   | Found an ancient bone altar of Kikubaaqudgha.
 13922 | Lair:3   | Identified the +0 ring mail of Depression {+Blink Dex-4
                  | Slay+3} (Okawaru gifted it to you on level 3 of the Lair of
                  | Beasts)
 13922 | Lair:3   | Received a gift from Okawaru
 14407 | Lair:3   | Noticed Gastronok
 14442 | Lair:2   | Reached XP level 13. HP: 27/116 MP: 13/13
 14785 | Lair:3   | Killed Gastronok
 16189 | Lair:4   | You fall into a shaft and drop 2 floors!
 16189 | Lair:6   | Entered Level 6 of the Lair of Beasts
 16258 | Lair:6   | Received a gift from Okawaru
 17306 | Lair:6   | Received a gift from Okawaru
 18919 | Lair:6   | Reached XP level 14. HP: 127/127 MP: 14/14
 19029 | Lair:6   | Received a gift from Okawaru
 19288 | Lair:6   | Received a gift from Okawaru
 19975 | Lair:5   | Found a staircase to the Slime Pits.
 20177 | Lair:5   | Found a hide-covered altar of Uskayaw.
 20432 | Lair:5   | Received a gift from Okawaru
 20978 | Lair:4   | Found a staircase to the Snake Pit.
 21118 | Lair:4   | Got the Incunabulum of Beguiling and Flames
 22158 | D:12     | Identified the +0 pair of gloves "Riunk" {rF+} (Okawaru
                  | gifted it to you on level 12 of the Dungeon)
 22158 | D:12     | Received a gift from Okawaru
 22888 | D:12     | Found an ornate altar of the Wu Jian Council.
 23142 | D:13     | Found a gate to the Vaults.
 23730 | D:13     | Reached skill level 15 in Shields
 24285 | Orc:1    | Entered Level 1 of the Orcish Mines
 24289 | Orc:1    | Noticed Jorgrun
 24292 | Orc:1    | Noticed Maurice
 24311 | Orc:1    | Killed Jorgrun
 24322 | Orc:1    | Killed Maurice
 24333 | Orc:1    | You fall into a shaft and drop 1 floor!
 24333 | Orc:2    | Entered Level 2 of the Orcish Mines
 24466 | Orc:2    | Reached XP level 15. HP: 85/137 MP: 12/15
 24641 | Orc:2    | Reached skill level 15 in Armour
 25686 | Orc:1    | Found Weag Ine's Distillery.
 25694 | Orc:1    | Bought a potion of heal wounds for 80 gold pieces
 25694 | Orc:1    | Bought a potion of curing for 48 gold pieces
 26150 | Orc:2    | Received a gift from Okawaru
 26648 | Orc:2    | Found Zubumiar's Book Boutique.
 26648 | Orc:2    | Found Locoan's Armour Boutique.
 26649 | Orc:2    | Found Jiegab's Armour Boutique.
 26649 | Orc:2    | Found Uhounalubb's Weapon Shop.
 26892 | D:14     | You fall into a shaft and drop 1 floor!
 26892 | D:15     | Entered Level 15 of the Dungeon
 27133 | D:15     | Reached skill level 15 in Long Blades
 27419 | D:15     | Received a gift from Okawaru
 27443 | D:15     | Found a staircase to the Depths.
 28682 | D:14     | Reached skill level 15 in Fighting
 28951 | D:14     | Found a shimmering blue altar of Sif Muna.
 29064 | D:14     | Received a gift from Okawaru
 29318 | D:14     | Found a runed translucent gate.
 29318 | D:14     | Found a runed translucent gate.
 29318 | D:14     | Found a runed translucent gate.
 29443 | D:14     | Noticed Kirke
 29458 | D:14     | Killed Kirke
 30135 | D:14     | Reached XP level 16. HP: 141/149 MP: 17/17
 30157 | D:14     | Found a runed translucent gate.
 30157 | D:14     | Found a runed translucent gate.
 30158 | D:14     | Noticed a tentacled monstrosity
 30159 | D:14     | Noticed Xatashoi's ghost (journeyman MiFi)
 30161 | D:14     | Found a runed translucent gate.
 30335 | Orc:2    | Found a staircase to the Elven Halls.
 30401 | Orc:2    | Found a burning altar of Makhleb.
 30689 | Elf:1    | Entered Level 1 of the Elven Halls
 30739 | Elf:1    | Noticed Nikola
 30759 | Elf:1    | Killed from afar by Nikola

Illustrated notes

Levels and vault maps discovered:
D:1:      dpeg_arrival_rooms_with_view, layout_basic
D:2:      layout_basic, dreamdust_ecumenical_altar_angels_and_demons
D:3:      layout_loops_corners, corexii_shack, minivault_24,
          hangedman_abyss_or_decor_lesser_grid
D:4:      layout_basic, uniq_grinder
D:5:      layout_gridville, trog_three_pillars_becter
D:6:      layout_basic, uniq_blork_the_orc
D:7:      minmay_slanted_spiral_squares, layout_rooms,
          minmay_temple_entry_stoned_glass, minmay_splitting_lines, st_stairs_1
D:8:      layout_loops_cross
D:9:      layout_gridville, grunt_ministairs_13, nicolae_blasting_shop
D:10:     minmay_statue_hallways, layout_loops_ring, erik_lair_dragon
D:11:     wad_guarded_room, layout_irregular_city, orc_0_dummy, serial_shops,
          shop, nicolae_uskayaw_dance_hall
D:12:     layout_long_grid, pdpol_wu_jian_five_deadly_venoms
D:13:     layout_loops_cross, erik_vaults_1
D:14:     layout_loops_cross, ploomutoo_gammafunk_ghost_potion_laboratory,
          led_sif_pool, uniq_kirke
D:15:     hangedman_depths_entry_civil_slaughter, layout_stronghold,
          minivault_26
Temple:   compressed_dpeg_triangle_lava_temple
Lair:1:   layout_layer_cave, nicolae_lair_lil_pond, uniq_maggie
Lair:2:   layout_loops_ring, swamp_mist, serial_bayou_pond_d, grunt_megastairs_1
Lair:3:   layout_layer_cave, basic_altar, grunt_megastairs_5, uniq_gastronok
Lair:4:   layout_loops_ring, dummy_snake_entry, grunt_megastairs_3
Lair:5:   layout_regular_city, dpeg_slime_entry_corner, basic_altar,
          serial_bayou_shore_a, infiniplex_staircase_pool, grunt_megastairs_4,
          lemuel_fruit_tree
Lair:6:   gammafunk_lair_ancient_temple, layout_cave_pods,
          infiniplex_staircase_pool_2
Orc:1:    layout_caves, serial_shops, nicolae_shop_waterfront,
          nicolae_orc_damp_corner, uniq_jorgrun, uniq_maurice
Orc:2:    st_orc_pillars, layout_caves, basic_altar,
          nicolae_orc_flooded_monolith
Elf:1:    layout_loops_ring, hangedman_elf_represent, uniq_nikola

Skill      XL: |  1  2  3  4  5  6  7  8  9 10 11 12 13 14 15 16 |
---------------+-------------------------------------------------+-----
Fighting       | 4 5 6 8 9 11 12 13 15 | 15.3
Armour         | 4 5 6 7 8 9 11 12 13 14 16 | 16.2
Shields        | 4 5 6 8 9 10 11 13 15 16 | 16.5
Long Blades    | 3 4 6 7 9 11 12 14 16 | 16.3
Dodging        | 1 2 3 |  3.6
Short Blades   | 3 7 9 10 11 12 | 12.1
Invocations    | 1 2 3 |  3.0
Axes           | 2 5 |  5.9
Stealth        | 1 |  1.7
Evocations     | |  0.5

Action                   |  1- 3 |  4- 6 |  7- 9 | 10-12 | 13-15 | 16-18 || total
-------------------------+-------+-------+-------+-------+-------+-------++-------
Melee: Long sword        |    79 |    69 |    44 |   217 |   637 |       ||  1046
       Headbutt          |    11 |    10 |    20 |   112 |   320 |     7 ||   480
       Rapier            |       |       |   103 |   178 |   180 |       ||   461
       Hand axe          |       |       |       |    53 |    33 |       ||    86
       Double sword      |       |       |       |       |   255 |    45 ||   300
       Scimitar          |       |       |       |       |     9 |       ||     9
Invok: Heroism           |       |       |       |     8 |    24 |     2 ||    34
Evoke: Wand              |       |       |       |       |     6 |       ||     6
  Use: Potion            |     1 |     1 |       |       |     5 |     1 ||     8
       Scroll            |       |     7 |       |    13 |     7 |       ||    27
Armor: Scale mail        |    41 |       |       |       |       |       ||    41
       Plate armour      |     2 |    34 |    87 |   168 |   462 |    10 ||   763
Dodge: Dodged            |    41 |    12 |    33 |   102 |   254 |    10 ||   452
Block: Buckler           |     7 |       |       |       |       |       ||     7
       Kite shield       |    38 |    27 |    88 |   267 |   733 |    33 ||  1186
